 Dungeon Crawl Stone Soup version 0.28.0-1-gb440e238dd (webtiles) character file.

Game seed: 13700211325489063166

119452 Kaptain the Earth Mage (level 16, -22/106 HPs)
             Began as a Gargoyle Earth Elementalist on Feb 23, 2022.
             Killed from afar by a deep elf sorcerer (37 damage)
             ... with a bolt of acid
             ... on level 2 of the Elven Halls.
             The game lasted 01:58:28 (42029 turns).

Kaptain the Earth Mage (GrEE)                      Turns: 42029, Time: 01:58:28

Health: -22/106    AC: 21    Str: 12    XL:     16   Next: 79%
Magic:  9/32       EV:  9    Int: 24    God:
Gold:   1003       SH: 12    Dex: 13    Spells: 27/39 levels left

rFire   + + .      SeeInvis .   K - +5 trident (protect)
rCold   . . .      Faith    .   b - +2 kite shield
rNeg    + . .      Spirit   .   j - +0 fire dragon scales
rPois   ∞          Reflect  .   (no helmet)
rElec   +          Harm     .   A - +2 cloak {rPois}
rCorr   .          Rampage  .   n - +1 pair of gloves {Dex+3}
Will    ++...                   (no boots)
Stlth   +++.......              (no amulet)
HPRegen 0.27/turn               e - ring of protection from cold
MPRegen 0.23/turn               R - ring of willpower

@: corroded, flying
A: sickness immunity, AC +12, big wings, negative energy resistance 1,
electricity resistance, torment resistance 1, petrification resistance
a: no special abilities


You were on level 2 of the Elven Halls.
You visited 6 branches of the dungeon, and saw 24 of its levels.
You also visited: Gauntlet and Volcano.

You collected 2326 gold pieces.
You spent 1323 gold pieces at shops.

Inventory:

Hand Weapons
 d - a +2 scimitar of flaming
 K - a +5 trident of protection (weapon)
 O - a +4 trident of venom
Missiles
 a - 23 poisoned darts (quivered)
 c - 446 stones
 s - 5 silver javelins
 F - 3 throwing nets
Armour
 b - a +2 kite shield (worn)
 j - +0 fire dragon scales (worn)
 n - a +1 pair of gloves of dexterity (worn)
 p - the +1 leather armour of Alyj {rF+ Int+2 SInv}
   (You found it on level 5 of the Dungeon)

   Int:       It affects your intelligence (+2).
   rF:        It protects you from fire.
   SInv:      It lets you see invisible.
 A - a +2 cloak of poison resistance (worn)
 B - the +1 plate armour of the Equinox {+Inv Will+}
   (You found it on level 11 of the Dungeon)

   +Inv:      It lets you turn invisible.
   Will:      It increases your willpower.
Magical Staves
 L - a staff of earth
Jewellery
 e - a ring of protection from cold (left hand)
 v - a ring of magical power
 y - a ring of protection from fire
 D - a ring of protection from fire
 R - a ring of willpower (right hand)
Wands
 t - a wand of paralysis (15)
 u - a wand of polymorph (17)
 H - a wand of mindburst (7)
 J - a wand of iceblast (34)
 M - a wand of acid (12)
 Q - a wand of flame (8)
Scrolls
 h - 2 scrolls of fear
 q - a scroll of brand weapon
 r - 4 scrolls of silence
 w - 5 scrolls of teleportation
 C - a scroll of blinking
 I - 2 scrolls of identify
 N - 3 scrolls of magic mapping
 S - a scroll of immolation
 T - a scroll of enchant armour
 U - a scroll of summoning
Potions
 f - 5 potions of mutation
 g - a potion of haste
 k - 2 potions of magic
 l - 4 potions of curing
 m - 2 potions of berserk rage
 o - 5 potions of flight
 x - a potion of heal wounds
 z - 4 potions of might
 G - 3 potions of cancellation
 V - a potion of ambrosia
Miscellaneous
 i - a tin of tremorstones (2/2)
 E - a lightning rod (4/4)
 P - a phial of floods


   Skills:
 * Level 14.1 Fighting
 + Level 10.1 Armour
 - Level 6.3 Dodging
 - Level 9.9 Stealth
 + Level 6.8 Shields
 * Level 12.2 Spellcasting
 * Level 14.0 Conjurations
 - Level 0.7 Transmutations
 * Level 15.9 Earth Magic


You had 27 spell levels left.
You knew the following spells:

 Your Spells              Type           Power      Damage    Failure   Level
a - Sandblast             Erth           100%       2d20      1%          1
b - Stone Arrow           Conj/Erth      100%       3d13      1%          3
c - Mephitic Cloud        Conj/Pois/Air  37%        N/A       24%         3
d - Lee's Rapid Deconstr  Erth           37%        3d19*     2%          5

Your spell library contained the following spells:

 Spells                   Type           Power      Damage    Failure   Level
 Magic Dart               Conj           100%       1d8       1%          1
 Passwall                 Tmut/Erth      44%        N/A       2%          2
 Dazzling Flash           Conj/Hex       96%        N/A       9%          3
 Petrify                  Tmut/Erth      53%        N/A       19%         4
 Fulminant Prism          Conj/Hex       24%        3d13      30%         4
 Iskenderun's Mystic Bla  Conj/Tloc      48%        2d11      30%         4
 Sting                    Tmut/Pois      64%        1d6       43%         1
 Animate Skeleton         Necr           28%        N/A       50%         1
 Apportation              Tloc           28%        N/A       50%         1
 Summon Small Mammal      Summ           56%        N/A       50%         1
 Irradiate                Conj/Tmut      25%        3d22      58%         5
 Call Imp                 Summ           14%        N/A       63%         2
 Poisonous Vapours        Pois/Air       28%        N/A       63%         2
 Lightning Bolt           Conj/Air       24%        1d39      63%         5
 Frozen Ramparts          Ice            28%        1d4       86%         3
 Freezing Cloud           Conj/Ice/Air   18%        6-21      91%         5
 Animate Dead             Necr           7%         N/A       99%         4
 Ice Form                 Ice/Tmut       16%        N/A       99%         4
 Olgreb's Toxic Radiance  Pois           14%        N/A       99%         4
 Summon Ice Beast         Ice/Summ       14%        N/A       99%         4
 Blade Hands              Tmut           9%         N/A       100%        5
 Summon Forest            Summ/Tloc      7%         N/A       100%        5
 Summon Mana Viper        Hex/Summ       14%        N/A       100%        5
 Summon Cactus Giant      Summ           7%         N/A       100%        6
 Dragon Form              Tmut           9%         N/A       100%        7
 Haunt                    Necr/Summ      7%         N/A       100%        7
 Monstrous Menagerie      Summ           7%         N/A       100%        7
 Infestation              Necr           7%         N/A       100%        8


Dungeon Overview and Level Annotations

Branches:
Dungeon (12/15)            Temple (1/1) D:7            Lair (6/6) D:10
  Swamp (1/4) Lair:3       Spider (0/4) Lair:4        Slime (0/5) Lair:5
    Orc (2/2) D:12            Elf (2/3) Orc:2       Volcano (visited)
Gauntlet (visited)

Altars:
Ashenzari
Cheibriados
Dithmenos
Elyvilon
Fedhas
Gozag
Hepliaklqana
Kikubaaqudgha
Makhleb
Nemelex Xobeh
Okawaru
Qazlal
Ru
Sif Muna
Trog
Uskayaw
Vehumet
Wu Jian
Xom
Yredelemnul
Zin
The Shining One
Beogh

Shops:
D:5 =   D:6 *   D:12 *   Orc:2 [(?(


Innate Abilities, Weirdness & Mutations

You are immune to sickness and miasma.
Your stone body is resilient. (AC +12)
You are immune to poison.
Your large and strong wings let you fly.
You resist negative energy. (rN+)
You are resistant to electric shocks. (rElec)
You are resistant to unholy torment.
You are immune to petrification.


Message History

Press: ? - help, Shift-Dir - straight line, f - deep elf pyromancer
Aim: a deep elf pyromancer, wielding a +0 bardiche and wearing a +0 leather armour (heavily wounded, 69% to hit)
The stone arrow hits the deep elf pyromancer!!
You kill the deep elf pyromancer!
The deep elf sorcerer casts a spell at you.
The bolt of acid hits you!!!
Ouch! That really hurt!
The acid corrodes you!
You hear a shout!
Casting: Stone Arrow (safe; 1% risk of failure)
Confirm with . or Enter, or press ? or * to list all spells.
Aiming: Stone Arrow (safe; 1% risk of failure)
Press: ? - help, Shift-Dir - straight line, f - deep elf sorcerer
Aim: a deep elf sorcerer, wielding a +0 short sword and wearing a +0 ring mail (72% to hit)
The stone arrow misses the deep elf sorcerer.
A deep elf archer comes into view. It is wielding a +0 rapier.
The deep elf sorcerer casts a spell.
The deep elf sorcerer seems to speed up.
Casting: Stone Arrow (safe; 1% risk of failure)
Confirm with . or Enter, or press ? or * to list all spells.
Aiming: Lee's Rapid Deconstruction (dangerous; 2% risk of failure)
Press: ? - help, Dir - move target, p - deep elf sorcerer A rock wall.
The wall shatters!
The blast of rock fragments hits the deep elf archer.
The deep elf archer is lightly wounded.
The deep elf archer unwields a +0 rapier.
The deep elf archer wields a +0 shortbow.
The deep elf archer shoots an arrow.
You block the arrow.
The deep elf sorcerer points at you and mumbles some strange words.
The bolt of acid hits you!!
* * * LOW HITPOINT WARNING * * *
The acid corrodes you!
The deep elf sorcerer gestures at you while chanting.
You resist with almost no effort.
The deep elf archer mumbles some strange words.
The deep elf archer blinks!
The deep elf sorcerer gestures at you while chanting.
The bolt of acid hits you!!!
You die...

### ##.## ##.#.## #####
##.###@###...#
##.#...#.##...###
####.##...##§......#
#.....#.).#.)......#
#.####e###...)...[.# #.#
#e.#.#.##)..### #.#
#.#.##.##[..### #.##
#..ee..#......#
#.##..####.#####.#.##.##


You could see a deep elf sorcerer (fast) and a deep elf zephyrmancer.

Vanquished Creatures
  A deep elf elementalist (Elf:1)
  A deep elf demonologist (Elf:2)
  An eleionoma (Swamp:1)
  A bunyip (Lair:3)
  A minotaur (Gauntlet)
  A deep elf annihilator (Elf:1)
  Azrael (Orc:2)
  A fire dragon (Volcano)
  A deep elf high priest (Elf:1)
  3 ogre magi
  2 boulder beetles
  6 hydras
  A rakshasa (D:11)
  A ghost crab (Lair:3)
  7 dancing weapons
  21 two-headed ogres
  2 spriggans (Swamp:1)
  Sonja (D:10)
  11 deep elf knights
  5 skeletal warriors
  A goliath frog (Swamp:1)
  2 deep trolls
  3 orc knights
  6 deep elf archers
  6 bog bodies
  17 deep elf pyromancers
  16 deep elf zephyrmancers
  An orc sorcerer (Orc:2)
  Pikel (D:6)
  2 wolf spiders (Orc:1)
  A manticore (D:12)
  3 oklob plants
  3 salamanders (Volcano)
  6 cyclopes
  7 elephants
  5 black mambas
  A moth of wrath (Gauntlet)
  Maurice (Orc:2)
  2 gargoyles
  15 cane toads
  12 komodo dragons
  An unseen horror (D:12)
  5 rime drakes
  12 trolls
  4 tyrant leeches
  6 hornets
  2 tarantellas
  8 slime creatures (D:12)
  Grinder (D:4)
  29 blink frogs
  A centaur simulacrum (Gauntlet)
  3 flying skulls (Gauntlet)
  A water elemental (Elf:1)
  An air elemental (Elf:1)
  A shadow (D:10)
  10 wyverns
  22 yaks
  4 basilisks
  7 fire elementals
  5 fire bats
  2 steam dragons
  A golden eye (shapeshifter) (D:11)
  A redback (Orc:1)
  2 vampire mosquitoes (D:8)
  3 wargs
  A swamp worm (Lair:3)
  A hydra simulacrum (Gauntlet)
  15 water moccasins
  2 hell hounds
  An ice beast (D:8)
  A meliai simulacrum (Gauntlet)
  A hornet zombie (D:8)
  3 black bears
  18 orc warriors
  3 necrophages
  25 ogres
  A swamp drake (Swamp:1)
  10 centaurs
  24 wolves
  A lemure (D:6)
  A phantom (D:4)
  3 kobold brigands
  14 bullfrogs
  3 earth elementals (Elf:1)
  A wyvern zombie (D:5)
  An oklob sapling (D:10)
  35 killer bees
  A howler monkey (D:12)
  15 wights
  2 electric eels (Lair:3)
  6 centaur zombies
  A bullfrog zombie (D:6)
  4 hounds
  12 jellies (Lair:5)
  2 gnoll shamans
  10 orc priests
  A centaur skeleton (D:7)
  17 orc wizards
  A killer bee zombie (D:7)
  A hound zombie (D:5)
  A hound skeleton (D:4)
  2 howler monkey zombies (D:9)
  10 adders
  A howler monkey skeleton (D:4)
  10 gnolls
  A shadow imp (D:4)
  An ufetubus (D:6)
  2 dart slugs
  44 orcs
  9 ball pythons
  4 endoplasms
  3 giant cockroaches
  5 goblins
  4 hobgoblins
  4 jackals
  A quokka (D:2)
  4 bats
  A frilled lizard (D:2)
  18 kobolds
  5 rats
680 creatures vanquished.

Vanquished Creatures (others)
  A steam dragon (Volcano)
  An orc priest (Orc:2)
  32 fungi
  179 plants
213 creatures vanquished.

Grand Total: 893 creatures vanquished

Notes
Turn   | Place    | Note
-------+----------+-------------------------------------------
     0 | D:1      | Kaptain the Gargoyle Earth Elementalist began the quest for
                  | the Orb.
     0 | D:1      | Reached XP level 1. HP: 10/10 MP: 3/3
   471 | D:1      | Reached XP level 2. HP: 16/16 MP: 5/5
  1058 | D:2      | Reached skill level 1 in Fighting
  1083 | D:2      | Reached skill level 4 in Earth Magic
  1083 | D:2      | Reached XP level 3. HP: 13/20 MP: 6/6
  1383 | D:2      | Found a faded altar of an unknown god.
  1869 | D:3      | Reached skill level 1 in Armour
  2068 | D:3      | Reached XP level 4. HP: 25/25 MP: 7/7
  2593 | D:4      | Noticed a black bear
  2636 | D:4      | Noticed an ogre
  2658 | D:3      | Learned a level 3 spell: Stone Arrow
  2981 | D:4      | Noticed a phantom
  2988 | D:4      | Killed a phantom
  2989 | D:4      | Reached skill level 1 in Conjurations
  2989 | D:4      | Reached XP level 5. HP: 30/30 MP: 4/9
  3049 | D:4      | Noticed an ogre
  3056 | D:4      | Killed an ogre
  3057 | D:4      | Reached XP level 6. HP: 7/36 MP: 4/10
  3401 | D:4      | Reached skill level 5 in Earth Magic
  3567 | D:4      | Noticed a necrophage
  3578 | D:4      | Killed a necrophage
  3677 | D:4      | Reached XP level 7. HP: 19/41 MP: 9/12
  4516 | D:4      | Noticed Grinder
  4524 | D:4      | Killed Grinder
  4525 | D:4      | Reached XP level 8. HP: 33/48 MP: 0/13
  4660 | D:5      | Entered Level 5 of the Dungeon
  4763 | D:5      | Found Juenadd's Jewellery Boutique.
  4962 | D:5      | Reached skill level 6 in Earth Magic
  5006 | D:5      | Identified the +1 leather armour of Alyj {rF+ Int+2 SInv}
  6117 | D:6      | Noticed a cyclops
  6121 | D:6      | Killed a cyclops
  6235 | D:6      | Found an ornate altar of the Wu Jian Council.
  6289 | D:6      | Noticed Pikel
  6312 | D:6      | Killed Pikel
  6313 | D:6      | Reached skill level 5 in Fighting
  6313 | D:6      | Reached skill level 5 in Spellcasting
  6313 | D:6      | Reached skill level 7 in Earth Magic
  6313 | D:6      | Reached XP level 9. HP: 19/54 MP: 2/16
  6651 | D:6      | Found Umaqoad's Overcharged Wands.
  6662 | D:6      | Reached skill level 5 in Conjurations
  6978 | D:7      | Noticed a hornet
  6981 | D:7      | Reached skill level 5 in Stealth
  6998 | D:7      | Killed a hornet
  7589 | D:7      | Found a staircase to the Ecumenical Temple.
  7676 | Temple   | Entered the Ecumenical Temple
  7903 | D:7      | Reached skill level 8 in Earth Magic
  8039 | D:7      | Noticed a two-headed ogre
  8043 | D:7      | Killed a two-headed ogre
  8044 | D:7      | Reached XP level 10. HP: 61/61 MP: 8/18
  8261 | D:8      | Noticed a two-headed ogre
  8375 | D:8      | Killed a two-headed ogre
  9417 | D:8      | Reached skill level 9 in Earth Magic
  9792 | D:8      | Reached skill level 5 in Armour
  9991 | D:9      | Reached XP level 11. HP: 28/67 MP: 4/21
 10398 | D:9      | Identified the +1 leather armour of Baojie {Rampage Will+}
 10965 | D:10     | Entered Level 10 of the Dungeon
 11146 | D:10     | Noticed an oklob plant
 11152 | D:10     | Killed an oklob plant
 11307 | D:10     | Found a staircase to the Lair.
 11870 | D:10     | Noticed Sonja
 11886 | D:10     | Killed Sonja
 12014 | D:10     | Reached skill level 10 in Earth Magic
 12024 | D:10     | Noticed a two-headed ogre
 12032 | D:10     | Killed a two-headed ogre
 12407 | D:10     | Noticed a boulder beetle
 12802 | Lair:1   | Entered Level 1 of the Lair of Beasts
 12944 | D:10     | Killed a boulder beetle
 12945 | D:10     | Reached skill level 5 in Dodging
 13422 | D:10     | Reached XP level 12. HP: 46/75 MP: 11/23
 14069 | Lair:1   | Found a blossoming altar of Fedhas.
 14447 | Lair:1   | Reached skill level 11 in Earth Magic
 14582 | Lair:1   | Noticed an eight-headed hydra
 14588 | Lair:1   | Killed an eight-headed hydra
 15303 | Lair:2   | Noticed a six-headed hydra
 15314 | Lair:2   | Killed a six-headed hydra
 15517 | Lair:2   | Found a dark tunnel.
 15525 | Volcano  | Entered a volcano
 16131 | Volcano  | Noticed a two-headed ogre
 16157 | Volcano  | Killed a two-headed ogre
 16376 | Volcano  | Reached skill level 10 in Fighting
 16462 | Volcano  | Noticed a two-headed ogre
 16463 | Volcano  | Noticed a two-headed ogre
 16530 | Volcano  | Killed a two-headed ogre
 16531 | Volcano  | Reached XP level 13. HP: 43/82 MP: 21/25
 16733 | Volcano  | Reached skill level 10 in Conjurations
 17103 | Volcano  | Noticed a fire dragon
 17250 | Volcano  | Killed a fire dragon
 17456 | Lair:2   | Reached skill level 12 in Earth Magic
 18177 | Lair:3   | Learned a level 3 spell: Mephitic Cloud
 19766 | Lair:3   | Found the brooch of Shielding {Spirit SH+8}
 19768 | Lair:3   | Found a staircase to the Swamp.
 21890 | D:5      | Bought a ring of protection from cold for 375 gold pieces
 22298 | Lair:4   | Found a hole to the Spider Nest.
 22600 | Lair:4   | Gained mutation: Your large and strong wings let you fly.
                  | [Gargoyle growth]
 22600 | Lair:4   | Reached XP level 14. HP: 81/90 MP: 20/27
 23145 | Lair:4   | You are sucked into a shaft and drop 2 floors!
 23145 | Lair:6   | Entered Level 6 of the Lair of Beasts
 23195 | Lair:6   | Reached skill level 1 in Shields
 23216 | Lair:5   | Reached skill level 13 in Earth Magic
 23454 | Lair:5   | Reached skill level 10 in Spellcasting
 23870 | Lair:4   | Found a hide-covered altar of Uskayaw.
 24394 | Lair:5   | Learned a level 5 spell: Lee's Rapid Deconstruction
 24416 | Lair:5   | Identified the +9 plate armour "Courrion" {Int+2}
 24548 | Lair:5   | Found a staircase to the Slime Pits.
 26129 | D:11     | Identified the +1 plate armour of the Equinox {+Inv Will+}
 27366 | D:12     | Found Piruor's Assorted Antiques.
 27408 | D:12     | Found a gate leading to a gauntlet.
 27412 | Gauntlet | Entered a Gauntlet
 27412 | Gauntlet | Found a transporter.
 27502 | Gauntlet | Found a transporter.
 27504 | Gauntlet | Found a transporter.
 27514 | Gauntlet | Found a transporter.
 27517 | Gauntlet | Found a transporter.
 27526 | Gauntlet | Found a transporter.
 27547 | Gauntlet | Found a transporter.
 27560 | Gauntlet | Found a transporter.
 27577 | Gauntlet | Found a transporter.
 27582 | Gauntlet | Found a transporter.
 27603 | Gauntlet | Found a transporter.
 27603 | Gauntlet | Found a transporter.
 27629 | Gauntlet | Found a transporter.
 27643 | Gauntlet | Found a transporter.
 27872 | Gauntlet | Identified the +0 helmet "Nekkoism" {rN+ Will- Int+3 Dex+2}
 28086 | Gauntlet | Identified the +0 pair of gloves of Roqor {rF- Dex+6}
 28212 | Gauntlet | Identified the +6 shortbow of the Walnut {flame, Int+5
                  | Dex+5}
 28364 | Gauntlet | Identified the +3 leather armour of Dim Light {rElec
                  | Slay+2}
 28923 | D:12     | Bought a shiny kite shield for 225 gold pieces
 28975 | D:12     | Found a staircase to the Orcish Mines.
 29661 | D:12     | Reached XP level 15. HP: 89/96 MP: 8/29
 30287 | Orc:1    | Entered Level 1 of the Orcish Mines
 30435 | Orc:1    | Reached skill level 14 in Earth Magic
 32504 | Orc:2    | Entered Level 2 of the Orcish Mines
 32509 | Orc:2    | Found a staircase to the Elven Halls.
 32557 | Orc:2    | Noticed Maurice
 32595 | Orc:2    | Killed Maurice
 33149 | Orc:2    | Reached skill level 5 in Shields
 33310 | Orc:2    | Noticed Azrael
 33689 | Orc:2    | Killed Azrael
 35152 | Orc:2    | Found Aroshru's Magic Scroll Emporium.
 35184 | Orc:2    | Found Imiwecez's Antique Weapon Boutique.
 35186 | Orc:2    | Found Lyfioz's Armour Shop.
 35188 | Orc:2    | Found Axi Jie's Antique Weapon Shop.
 35206 | Orc:2    | Bought a +1 pair of gloves of dexterity for 198 gold pieces
 35549 | D:12     | Bought a wooden ring for 150 gold pieces
 35788 | Swamp:1  | Entered Level 1 of the Swamp
 36517 | Swamp:1  | Reached skill level 15 in Earth Magic
 37281 | D:5      | Bought a ring of willpower for 375 gold pieces
 37621 | Elf:1    | Entered Level 1 of the Elven Halls
 37725 | Elf:1    | Reached XP level 16. HP: 104/104 MP: 20/31
 37809 | Elf:1    | Found a radiant altar of Vehumet.
 40899 | Elf:1    | Got the Catalogue of Attacks
 40942 | Elf:1    | Paralysed by an air elemental for 1 turns
 41323 | Elf:2    | Reached skill level 10 in Armour
 42029 | Elf:2    | Killed from afar by a deep elf sorcerer

Illustrated notes

Levels and vault maps discovered:
D:1:      psy_arrival_terrarium, layout_basic, grunt_decor_resistance,
          hangedman_decor_points
D:2:      layout_basic, hellmonk_ecumenical_altar_inner_sanctum
D:3:      layout_basic
D:4:      layout_loops_cross, portal_sewer_entry_e, uniq_grinder
D:5:      layout_cave_pools, nicolae_take_the_stairs
D:6:      layout_basic, pdpol_wu_jian_five_deadly_venoms,
          nicolae_shop_overcharged_wands, uniq_pikel
D:7:      layout_loops_cross, minmay_temple_entry_glassed_door
D:8:      layout_rooms
D:9:      layout_rooms
D:10:     layout_irregular_city, lair_entry_dummy, st_stairs_6,
          introduction_to_nature_1, uniq_sonja
D:11:     minmay_cornered_nines, layout_cave_pods
D:12:     layout_cave_pods, david_orc_1_choice, gauntlet_entry_generic,
          serial_shops, shop, dk_noncrumbling_2, minmay_misc_feat_square,
          kennysheep_cross_room
Temple:   minmay_crystal_snake_temple
Lair:1:   layout_gridlike, portal_ice_cave_rime, minivault_26,
          hangedman_tree_tricks
Lair:2:   layout_gridlike, nicolae_volcano_entry_lava_flow
Lair:3:   layout_small_grid, nicolae_swamp_entry_splash_gauntlet,
          nicolae_quartered_pool_little, grunt_megastairs_4
Lair:4:   wad_woods_minihive, layout_gridlike, spider_nest_entry_rubble,
          basic_altar, chequers_serial_rivers_micro_c
Lair:5:   layout_gridlike, minmay_slime_entry_jelly_boxes,
          infiniplex_staircase_pool, lemuel_fruit_fields, grunt_megastairs_2
Lair:6:   hangedman_lair_caniforms_friends, layout_big_grid,
          hangedman_lair_tendril_chambers
Swamp:1:  layout_basic_swamp, evilmike_swamp_ruin_house_4, uniq_kirke
Orc:1:    nicolae_orc_accident_3, layout_caves, basic_altar
Orc:2:    st_orc_open, layout_caves, basic_altar, lightli_orcish_oven,
          uniq_azrael, uniq_maurice
Elf:1:    eino_elf_arrival_altar, layout_geoelf_diagonals,
          minmay_elf_annihilation
Elf:2:    elven_hall_of_blades_hangedman_original [mumra_blade_entry_bloodbath],
          layout_loops_cross, uniq_asterion

Skill      XL: |  1  2  3  4  5  6  7  8  9 10 11 12 13 14 15 16 |
---------------+-------------------------------------------------+-----
Fighting       | 1 2 3 5 6 7 8 10 11 12 13 14 | 14.1
Earth Magic    | 4 5 7 8 9 10 11 12 13 15 | 15.9
Armour         | 1 2 3 4 5 6 7 8 9 10 | 10.1
Dodging        | 2 3 4 5 6 |  6.3
Conjurations   | 1 2 3 4 6 7 8 9 11 12 13 14 | 14.0
Stealth        | 3 4 5 6 7 8 9 |  9.9
Spellcasting   | 3 5 6 7 8 9 10 11 12 | 12.2
Shields        | 4 5 6 |  6.8
Transmutations | |  0.7

Action                   |  1- 3 |  4- 6 |  7- 9 | 10-12 | 13-15 | 16-18 || total
-------------------------+-------+-------+-------+-------+-------+-------++-------
Melee: Dagger            |    65 |       |       |       |       |       ||    65
       Short sword       |    19 |    25 |   107 |   101 |       |       ||   252
       Punch             |       |       |     2 |       |     3 |       ||     5
       Trident           |       |       |       |     9 |   273 |    36 ||   318
Throw: Javelin           |       |     3 |       |       |       |       ||     3
       Dart              |       |       |       |     7 |       |       ||     7
 Cast: Sandblast         |    10 |    34 |    29 |    42 |    37 |     2 ||   154
       Stone Arrow       |       |       |    57 |   251 |   644 |    35 ||   987
       Mephitic Cloud    |       |       |       |       |     4 |       ||     4
       Lee's Rapid Decon |       |       |       |       |    66 |   120 ||   186
Evoke: Wand              |       |       |       |     7 |       |       ||     7
  Use: Scroll            |     4 |       |     2 |    17 |    17 |       ||    40
       Potion            |       |       |     1 |     7 |     8 |       ||    16
 Stab: Sleeping          |     4 |     3 |     2 |     2 |       |       ||    11
Armor: Robe              |    22 |     2 |       |       |       |       ||    24
       Leather armour    |       |    13 |    50 |   134 |   203 |       ||   400
       Fire dragon scale |       |       |       |       |   476 |    67 ||   543
Dodge: Dodged            |    62 |    20 |    99 |   202 |   577 |    15 ||   975
Block: Kite shield       |       |       |       |       |   158 |    33 ||   191
